 Dungeon Crawl Stone Soup version 0.21-a0-513-gdcb3f5e (webtiles) character file.

228 slep the Chopper (level 5, -1/39 HPs)
             Began as a Demonspawn Gladiator on Dec 2, 2017.
             Slain by an iguana (5 damage)
             ... on level 4 of the Dungeon.
             The game lasted 00:11:04 (2860 turns).

slep the Chopper (Demonspawn Gladiator)             Turns: 2860, Time: 00:11:05

Health: -1/39      AC:  8    Str: 14    XL:     5   Next: 70%
Magic:  5/5        EV:  9    Int:  9    God:
Gold:   159        SH:  7    Dex: 16    Spells: 4/4 levels left

rFire    . . .     SeeInvis .   a - +0 war axe
rCold    . . .     Gourm    .   s - +0 shield
rNeg     . . .     Faith    .   e - +0 ring mail {MR+}
rPois    +         Spirit   .   c - +0 helmet
rElec    .         Reflect  .   (no cloak)
rCorr    .         Harm     .   (no gloves)
MR       +....                  (no boots)
Stlth    +.........             A - amulet of regeneration
HPRegen  0.53/turn              q - ring of poison resistance
MPRegen  0.09/turn              (no ring)

@: no status effects
A: hooves 1, molten scales 1, rot immunity
a: no special abilities


You were on level 4 of the Dungeon.
You were not hungry.

You visited 1 branch of the dungeon, and saw 4 of its levels.

You collected 159 gold pieces.

Inventory:

Hand Weapons
 a - a +0 war axe (weapon)
 y - a cursed +0 hunting sling
Missiles
 d - 3 throwing nets (quivered)
 C - 6 needles of confusion
Armour
 b - a +0 leather armour
 c - a +0 helmet (worn)
 e - a +0 ring mail of magic resistance (worn)
 l - a +0 ring mail
 s - a +0 shield (worn)
Jewellery
 q - a ring of poison resistance (left hand)
 A - an amulet of regeneration (around neck)
Wands
 E - a wand of acid (9)
Scrolls
 i - 2 scrolls of teleportation {unknown}
 j - 7 scrolls of remove curse {unknown}
 m - a scroll of noise {unknown}
 o - 6 scrolls of identify {unknown}
 r - a scroll of enchant weapon {unknown}
 x - a scroll of amnesia {unknown}
 D - a scroll of fog {unknown}
 G - a scroll of enchant armour {unknown}
Potions
 g - 2 potions of heal wounds {unknown}
 h - a potion of mutation {unknown}
 k - a potion of resistance {unknown}
 n - a potion of brilliance {unknown}
 t - a potion of invisibility {unknown}
 u - a potion of might {unknown}
 v - 2 potions of curing {unknown}
 w - a potion of flight {unknown}
 z - a potion of degeneration {unknown}
 F - 2 potions of haste
Comestibles
 f - 3 bread rations
 p - a meat ration
 B - 3 fruits


   Skills:
 + Level 2.6 Fighting
 + Level 4.5 Axes
 + Level 1.9 Throwing
 + Level 2.0 Armour
 + Level 3.3 Dodging
 + Level 0.1 Stealth
 + Level 0.7 Shields


You had 4 spell levels left.
You didn't know any spells.

Dungeon Overview and Level Annotations

Branches:
Dungeon (4/15)
 Temple: D:4-7

Altars:
Qazlal
Wu Jian

Annotations:
D:4 blobert's ghost, amateur GrFi


Innate Abilities, Weirdness & Mutations

You have large cloven feet.
You are partially covered in molten scales. (AC +2)
You are immune to rotting.


Message History

The iguana bites you. x2
You hit the iguana.
The iguana is heavily wounded.
The iguana bites you!
You barely miss the iguana.
The iguana is heavily wounded.
The iguana bites you!
* * * LOW HITPOINT WARNING * * *
Your shield prevents you from hitting the iguana.
The iguana is heavily wounded.
The iguana bites you.
* * * LOW HITPOINT WARNING * * *
The iguana closely misses you.
You hit the iguana but do no damage. Your kick misses the iguana.
The iguana is heavily wounded.
You block the iguana's attack.
You hit the iguana.
The iguana is severely wounded.
The iguana bites you.
You die...

####..#...##..#...#
.##..####..........
.#..## ##.....## ....#
##.#...# ....# ##..#...#
....####.......# #
.##......##....## .####
####.....#####..##.....#
# #..###.## #.@l..# #..#
#..# ##..#...# # ##
##.####.### #..#
##.#..## ..# #...## .
#..## #..# #... .....


You could see an iguana.

Vanquished Creatures
  An orc priest (D:4)
  A bullfrog skeleton (D:4)
  8 adders
  2 worms
  3 dart slugs
  2 leopard geckos
  8 orcs
  6 ball pythons (D:2)
  8 bats
  2 giant cockroaches
  3 goblins (D:3)
  8 hobgoblins
  4 jackals (D:2)
  9 kobolds
  A quokka (D:3)
  3 frilled lizards
  13 rats
82 creatures vanquished.

Notes
Turn   | Place    | Note
-------+----------+-------------------------------------------
     0 | D:1      | slep the Demonspawn Gladiator began the quest for the Orb.
     0 | D:1      | Reached XP level 1. HP: 16/16 MP: 1/1
    99 | D:1      | Gained mutation: You are immune to rotting. [demonic ancestry]
    99 | D:1      | Reached XP level 2. HP: 10/22 MP: 2/2
   229 | D:1      | Reached skill level 3 in Axes
   478 | D:1      | Reached XP level 3. HP: 18/27 MP: 3/3
   740 | D:2      | HP: 1/27 [kobold/dagger (1)]
  1172 | D:2      | Reached skill level 1 in Armour
  1389 | D:2      | Gained mutation: You are partially covered in molten scales. (AC +2) [demonic ancestry]
  1389 | D:2      | Reached XP level 4. HP: 30/33 MP: 4/4
  1908 | D:3      | Reached skill level 4 in Axes
  1973 | D:3      | Found a stormy altar of Qazlal.
  2035 | D:3      | Gained mutation: You have large cloven feet. [demonic ancestry]
  2035 | D:3      | Reached XP level 5. HP: 39/39 MP: 5/5
  2432 | D:4      | Noticed blobert's ghost (amateur GrFi)
  2798 | D:4      | Found an ornate altar of the Wu Jian Council.
  2860 | D:4      | Slain by an iguana

Vault maps used:
D:1:      moated_graveyard_arrival
D:2:      minmay_snake_closets
D:3:      grunt_qazlal_clouds, kennysheep_donut
D:4:      nicolae_overflow_crystal_walls

Skill      XL: |  1  2  3  4  5 |
---------------+----------------+-----
Dodging        | 3 |  3.3
Axes           | 3 4 |  4.5
Armour         | 1 2 |  2.0
Fighting       | |  2.6
Throwing       | |  1.9
Stealth        | |  0.1
Shields        | |  0.7

Action                   |  1- 3 |  4- 6 || total
-------------------------+-------+-------++-------
Melee: War axe           |   128 |   161 ||   289
       Kick              |       |    14 ||    14
  Use: Potion            |       |     1 ||     1
  Eat: Chunk             |     2 |     5 ||     7
Armor: Leather armour    |     6 |       ||     6
       Ring mail         |    49 |    56 ||   105
Dodge: Dodged            |    75 |    69 ||   144
Block: Shield            |    14 |    71 ||    85

Table legend:
 A = Spawn XP
 B = Non-spawn XP
 C = Spawn XP percentage of total XP
 D = Spawn monster count
 E = Non-spawn monster count
 F = Spawn count percentage of total count
 G = Total turns spent on level
                    A         B        C        D         E        F      G
               +---------+---------+-------+---------+---------+-------+---------
         Total |       0 |     326 |   0.0 |       0 |      82 |   0.0 |  2860
               +---------+---------+-------+---------+---------+-------+---------
           D:1 |       0 |      42 |   0.0 |       0 |      26 |   0.0 |   662
           D:2 |       0 |     130 |   0.0 |       0 |      26 |   0.0 |  1220
           D:3 |       0 |      33 |   0.0 |       0 |      18 |   0.0 |   553
           D:4 |       0 |     121 |   0.0 |       0 |      12 |   0.0 |   425
               +---------+---------+-------+---------+---------+-------+---------
